 Dungeon Crawl Stone Soup version 0.27.0-1-g7a089689b8 (webtiles) character file.

Game seed: 8243437742370571187

1985 Ijustatesigmund the Cudgeller (level 9, -7/57 HPs)
             Began as a Gargoyle Fighter on Aug 9, 2021.
             Mangled by an acid dragon (11 damage)
             ... on level 7 of the Dungeon.
             The game lasted 00:09:28 (6784 turns).

Ijustatesigmund the Cudgeller (Gargoyle Fighter)    Turns: 6784, Time: 00:09:29

Health: -7/57      AC: 14    Str: 20    XL:     9   Next: 21%
Magic:  9/9        EV:  8    Int: 10    God:
Gold:   314        SH: 17    Dex: 11    Spells: 8/8 levels left

rFire    + . .     SeeInvis +   a - +0 morningstar (elec)
rCold    . . .     Faith    .   c - +2 kite shield
rNeg     + + .     Spirit   .   b - +2 scale mail {rN+}
rPois    ∞         Reflect  +   k - +1 helmet
rElec    +         Harm     .   (no cloak)
rCorr    .         Rampage  .   (no gloves)
Will     .....                  (no boots)
Stlth    ..........             e - amulet of reflection
HPRegen  0.19/turn              l - ring of see invisible
MPRegen  0.11/turn              n - ring of protection from fire

@: corroded
A: sickness immunity, AC +6, negative energy resistance 1, electricity
resistance, torment resistance 1, petrification resistance
a: no special abilities


You were on level 7 of the Dungeon.
You visited 1 branch of the dungeon, and saw 7 of its levels.

You collected 314 gold pieces.

Inventory:

Hand Weapons
 a - a +0 morningstar of electrocution (weapon)
 m - a +0 flail of protection
Armour
 b - a +2 scale mail of positive energy (worn)
 c - a +2 kite shield (worn)
 k - a +1 helmet (worn)
Jewellery
 e - an amulet of reflection (around neck)
 l - a ring of see invisible (left hand)
 n - a ring of protection from fire (right hand)
Wands
 d - a wand of iceblast (17)
 p - a wand of flame (1)
 u - a wand of charming (12)
Scrolls
 f - a scroll of immolation
 h - a scroll of summoning
 t - a scroll of amnesia
 v - a scroll of identify
Potions
 g - 2 potions of invisibility
 i - 2 potions of haste
 j - 3 potions of curing
 o - 2 potions of attraction
 q - a potion of magic
 r - a potion of might
 s - 2 potions of heal wounds {unknown}


   Skills:
 + Level 7.0 Fighting
 + Level 7.0 Maces & Flails
 + Level 5.7 Armour
 - Level 2.7 Dodging
 + Level 5.7 Shields
 - Level 2.4 Evocations


You had 8 spell levels left.
You didn't know any spells.
Your spell library contained the following spells:

 Spells                   Type           Power      Damage    Failure   Level
 Call Canine Familiar     Summ           0%         N/A       100%        3
 Portal Projectile        Hex/Tloc       0%         N/A       100%        3
 Leda's Liquefaction      Hex/Erth       0%         N/A       100%        4


Dungeon Overview and Level Annotations

Branches:
Dungeon (7/15)             Temple (0/1) D:4

Altars:
Qazlal
Ru
Sif Muna
Zin
The Shining One


Innate Abilities, Weirdness & Mutations

You are immune to sickness and miasma.
Your stone body is resilient. (AC +6)
You are immune to poison.
You resist negative energy. (rN+)
You are resistant to electric shocks. (rElec)
You are resistant to unholy torment.
You are immune to petrification.


Message History

You reflect the silver boomerang off an invisible shield around you!
The silver boomerang barely misses the orc.
You hit the orc but do no damage. Lightning courses through the orc!
You kill the orc!
The orc throws a silver boomerang.
You reflect the silver boomerang off an invisible shield around you!
The silver boomerang hits the orc.
You block the orc's attack.
You barely miss the orc.
The orc is severely wounded.
The orc warrior hits you with a +0 battleaxe!
You block the orc's attack.
You closely miss the orc.
The orc is severely wounded.
You block the orc warrior's attack. The orc hits you with a +0 club.
The orc warrior hits you with a +0 battleaxe.
You sock the orc!
You kill the orc!
The orc warrior barely misses you.
You sock the orc warrior!
Lightning courses through the orc warrior!
The orc warrior is severely wounded.
You block the orc warrior's attack.
You barely miss the orc warrior.
The orc warrior is severely wounded.
The orc warrior hits you with a +0 battleaxe!
You block the acid dragon's attack. x2; The orc warrior barely misses you.
You hit the orc warrior.
Lightning courses through the orc warrior!
You kill the orc warrior!
You block the acid dragon's attack. x2
An orc comes into view. It is wielding a +0 mace.
Your Fighting skill increases to level 7!
You barely miss the acid dragon.
The orc shouts!
The acid dragon spits acid at you. The splash of acid hits you!
The acid corrodes you!
You are splashed with acid!
* * * LOW HITPOINT WARNING * * *
The acid dragon bites you!
You die...

#.........)....##..#
#..............###.# #
###..........>....#...
..#.....#...............
......###...............
............[......(....
#.......................
........................
......)@.[..#........
.....##)D..##.......
...o.......# ...... .
........... ...<
..............
...............
.....o.....#..#
#..........####


You could see an acid dragon (catching breath) and an orc.

Vanquished Creatures
  Edmund (D:5)
  Menkaure (D:7)
  A water moccasin (D:7)
  An orc warrior (D:7)
  An ice beast (D:6)
  3 necrophages
  A black bear (D:6)
  3 bullfrogs
  A water moccasin zombie (D:6)
  A scorpion (D:5)
  5 wights (D:6)
  A bullfrog skeleton (D:7)
  A hound (D:6)
  A jelly (D:4)
  2 orc wizards
  7 iguanas
  4 hound skeletons
  A mummy (D:4)
  3 gnolls
  A howler monkey skeleton (D:5)
  6 adders
  A white imp (D:5)
  2 ufetubi
  3 worms (D:2)
  2 dart slugs (D:1)
  17 orcs
  10 ball pythons
  6 bats
  4 endoplasms
  3 giant cockroaches
  5 goblins
  11 hobgoblins
  10 jackals
  7 kobolds
  A quokka (D:2)
  4 frilled lizards
  3 hobgoblin zombies (D:4)
  A kobold zombie (D:4)
  7 rats
143 creatures vanquished.

Vanquished Creatures (collateral kills)
  A worm (D:4)
  An orc (D:4)
2 creatures vanquished.

Grand Total: 145 creatures vanquished

Notes
Turn   | Place    | Note
-------+----------+-------------------------------------------
     0 | D:1      | Ijustatesigmund the Gargoyle Fighter began the quest for
                  | the Orb.
     0 | D:1      | Reached XP level 1. HP: 14/14 MP: 1/1
   217 | D:1      | Reached XP level 2. HP: 19/19 MP: 2/2
   590 | D:1      | Found a faded altar of an unknown god.
  1271 | D:2      | Reached XP level 3. HP: 23/23 MP: 3/3
  1334 | D:2      | Reached skill level 1 in Dodging
  1683 | D:2      | Reached XP level 4. HP: 29/29 MP: 4/4
  2481 | D:3      | Reached XP level 5. HP: 28/33 MP: 5/5
  3319 | D:3      | Found a stormy altar of Qazlal.
  3320 | D:3      | Found a glowing silver altar of Zin.
  3484 | D:4      | Reached skill level 1 in Evocations
  3684 | D:4      | Reached XP level 6. HP: 20/39 MP: 6/6
  3920 | D:4      | Found a sacrificial altar of Ru.
  3920 | D:4      | Found a shimmering blue altar of Sif Muna.
  3980 | D:4      | Found a staircase to the Ecumenical Temple.
  4231 | D:5      | Entered Level 5 of the Dungeon
  4479 | D:5      | Found a glowing golden altar of the Shining One.
  4570 | D:5      | Reached skill level 5 in Maces & Flails
  4570 | D:5      | Reached XP level 7. HP: 36/44 MP: 7/7
  5050 | D:5      | Noticed Edmund
  5070 | D:5      | Killed Edmund
  5071 | D:5      | Reached skill level 5 in Fighting
  5637 | D:6      | Reached XP level 8. HP: 39/50 MP: 8/8
  6270 | D:6      | Reached skill level 5 in Armour
  6370 | D:7      | Reached skill level 5 in Shields
  6441 | D:7      | Reached XP level 9. HP: 45/56 MP: 9/9
  6736 | D:7      | Noticed Menkaure
  6743 | D:7      | Killed Menkaure
  6784 | D:7      | Mangled by an acid dragon

Illustrated notes

Levels and vault maps discovered:
D:1:      dpeg_arrival_boxes_within_box, layout_basic,
          shapermc_ecumenical_altar_mp_vishouse
D:2:      layout_rooms, minmay_joined_circles
D:3:      layout_basic, mainiacjoe_overflow_divided_tiny
D:4:      layout_cave_pools, chequers_temple_overflow_statue_of_worship,
          minmay_temple_entry_drinking_statues, minmay_mini_ossuary
D:5:      layout_gridville, mainiacjoe_overflow_small_starburst, uniq_edmund
D:6:      layout_basic, serial_park_tiny_pond
D:7:      layout_cave_pools, lemuel_round_altar, uniq_menkaure

Skill      XL: |  1  2  3  4  5  6  7  8  9 |
---------------+----------------------------+-----
Maces & Flails | 3 4 5 6 7 |  7.0
Dodging        | 1 2 |  2.7
Fighting       | 4 5 6 7 |  7.0
Evocations     | 1 2 |  2.4
Armour         | 5 |  5.7
Shields        | 5 |  5.7

Action                   |  1- 3 |  4- 6 |  7- 9 || total
-------------------------+-------+-------+-------++-------
Melee: Flail             |   134 |   139 |       ||   273
       Mace              |       |    97 |       ||    97
       Morningstar       |       |    18 |   162 ||   180
  Use: Potion            |     1 |     3 |       ||     4
       Scroll            |       |    12 |     2 ||    14
Armor: Scale mail        |    67 |    60 |    51 ||   178
       Chain mail        |       |    91 |     9 ||   100
Dodge: Dodged            |    25 |    66 |    43 ||   134
Block: Kite shield       |   125 |   276 |   148 ||   549
       Reflection        |     1 |     4 |     4 ||     9
